General information
			
			
        
        - name: tvm
 
        - type: Ladder 1vs1/FFA
 
        - host: NADMaN
 
        - saver: BEAR_AND
 
        
map: TheTwoRivers 
        - players: 5
 
        - length: 16:23
 
        - speed: Fast
 - version: 1.22 W3XP
 - replay type:  

 
» download(126 KB)
Players
        team 1 (loser) 
              
              
» 
TIMG4STRok (
gray | 168 APM | 2756 actions | 16:22)
              
 3 Blademaster 
 2 Wind Walk
 1 Critical Strike
 3 Shadow Hunter 
 2 Hex
 1 Healing Wave
 
                » actions 
                
                | Assign group hotkey | 31 |  | 
| Basic commands | 44 |  | 
| Build / train | 52 |  | 
| ESC pressed | 1 |  | 
| Enter build submenu | 13 |  | 
| Enter hero's abilities submenu | 6 |  | 
| Give item / drop item | 3 |  | 
| Right click | 1297 |  | 
| Select / deselect | 247 |  | 
| Select group hotkey | 954 |  | 
| Use ability | 108 |  | 
                2756 total
 » units 
                
                | Peon | 7 |  | 
| Grunt | 5 |  | 
| Spirit Walker | 5 |  | 
| Raider | 6 |  | 
| Demolisher | 2 |  | 
                25 total
 » upgrades
                
                | Berserker Strength | 1 |  | 
| Spirit Walker Training | 1 |  | 
| Pillage | 1 |  | 
| Ensnare | 1 |  | 
                4 total
 » buildings
                
                | Altar of Storms | 1 |  | 
| Orc Burrow | 6 |  | 
| Barracks | 1 |  | 
| Voodoo Lounge | 1 |  | 
| Stronghold | 1 |  | 
| Beastiary | 1 |  | 
| Spirit Lodge | 1 |  | 
| War Mill | 1 |  | 
| Great Hall | 1 |  | 
| Fortress | 1 |  | 
                15 total
 » build order
                00:05 Altar of Storms
00:08 Orc Burrow
00:37 Barracks
01:25 Orc Burrow
02:02 Voodoo Lounge
03:23 Stronghold
03:42 Orc Burrow
06:15 Beastiary
06:17 Spirit Lodge
06:54 Orc Burrow
10:10 War Mill
11:20 Orc Burrow
11:56 Great Hall
12:09 Orc Burrow
13:11 Fortress
» items
                
                | Healing Salve | 5 |  | 
| Lesser Clarity Potion | 6 |  | 
| Scroll of Speed | 1 |  | 
| Scroll of Town Portal | 1 |  | 
                13 total
  
               team 2 (winner) 
              
              
Mata. (
green | 208 APM | 3411 actions | 16:22)
              
 3 Archmage 
 2 Summon Water Elemental
 1 Brilliance Aura
 3 Mountain King 
 2 Storm Bolt
 1 Bash
 
                » actions 
                
                | Assign group hotkey | 229 |  | 
| Basic commands | 35 |  | 
| Build / train | 74 |  | 
| Enter build submenu | 25 |  | 
| Enter hero's abilities submenu | 6 |  | 
| Give item / drop item | 2 |  | 
| Right click | 1477 |  | 
| Select / deselect | 634 |  | 
| Select group hotkey | 802 |  | 
| Use ability | 127 |  | 
                3411 total
 » units 
                
                | Peasant | 13 |  | 
| Footman | 9 |  | 
| Sorceress | 9 |  | 
| Priest | 3 |  | 
| Spell Breaker | 2 |  | 
                36 total
 » upgrades
                
                | Magic Sentry | 1 |  | 
| Priest Training | 1 |  | 
| Sorceress Training | 1 |  | 
                3 total
 » buildings
                
                | Altar of Kings | 1 |  | 
| Barracks | 1 |  | 
| Farm | 9 |  | 
| Scout Tower | 5 |  | 
| Arcane Vault | 1 |  | 
| Arcane Tower | 5 |  | 
| Keep | 1 |  | 
| Arcane Sanctum | 2 |  | 
| Lumber Mill | 1 |  | 
| Town Hall | 1 |  | 
| Guard Tower | 6 |  | 
| Castle | 1 |  | 
| Gryphon Aviary | 2 |  | 
                36 total
 » build order
                00:04 Altar of Kings
00:19 Barracks
00:33 Farm
01:02 Farm
01:47 Scout Tower
02:21 Arcane Vault
02:23 Arcane Tower
02:23 Arcane Tower
03:45 Keep
03:49 Farm
03:51 Farm
05:13 Farm
06:17 Arcane Sanctum
06:19 Arcane Sanctum
07:03 Farm
07:40 Lumber Mill
07:49 Scout Tower
07:50 Scout Tower
08:21 Arcane Tower
08:21 Arcane Tower
08:21 Arcane Tower
09:52 Town Hall
11:18 Farm
11:26 Scout Tower
11:27 Scout Tower
12:07 Guard Tower
12:07 Guard Tower
12:08 Guard Tower
13:09 Guard Tower
13:09 Guard Tower
13:28 Farm
13:30 Farm
14:01 Castle
14:46 Gryphon Aviary
14:49 Gryphon Aviary
» items
                
                | Scroll of Regeneration | 6 |  | 
| Potion of Healing | 3 |  | 
| Scroll of Town Portal | 1 |  | 
                10 total
  
               observersNADMaN, 
BEAR_AND, 
SYLINK Chat log
          (00:04 / Observers) SYLINK: goo dmorning
(00:12 / All) TIMG4STRok: nice manner host
(00:15 / All) TIMG4STRok: first i say hold
(00:17 / Observers) SYLINK: i didnt know you could select grey
(00:18 / All) TIMG4STRok: then i never say ready
(00:22 / All) TIMG4STRok: im talking to iggy
(00:25 / All) Mata.: you were clearly ready
(00:25 / All) TIMG4STRok: and he wanted in
(00:46 / All) Mata.: i have no sound this game so
(00:47 / All) Mata.: gg
(00:48 / Observers) SYLINK: so
(00:49 / All) TIMG4STRok: gg
(00:53 / All) TIMG4STRok: gl
(00:54 / All) TIMG4STRok: all dat
(01:04 / Observers) BEAR_AND: our town is under siege
(01:11 / Observers) NADMaN: timg don't know orc build times
(01:13 / Observers) BEAR_AND: damn this base is loose
(01:18 / Observers) BEAR_AND: neitehr do i
(01:23 / Observers) BEAR_AND: orc is weirdest race
(01:28 / Observers) NADMaN: it's the easiest..
(01:32 / Observers) BEAR_AND: not to me
(01:38 / Observers) NADMaN: altar first, wait 10 seconds, then burrow
(01:40 / Observers) NADMaN: 5 on mine
(01:45 / Observers) NADMaN: the next after that is rax
(01:45 / Observers) SYLINK: i cant play orc serious 
(01:48 / Observers) NADMaN: as soon as you have 40 wood
(01:51 / Observers) SYLINK: i cant play serious 
(01:52 / Observers) NADMaN: get another burrow
(01:57 / Observers) NADMaN: the timing is perfect then
(02:06 / Observers) NADMaN: as soon as your rax finishes you have 200g for a grunt
(02:11 / Observers) SYLINK: samuro is shit blade
(02:20 / Observers) NADMaN: as soon as that grunt finishes you have the pop ready and just barely 200g for another grunt
(02:25 / Observers) NADMaN: samuro is pretty awesome
(02:30 / Observers) SYLINK: jubei is best
(02:39 / Observers) NADMaN: w/e
(02:52 / Observers) NADMaN: almost tied for xp
(02:55 / Observers) BEAR_AND: moogul the sly obv. number 1
(02:56 / Observers) NADMaN: dayum
(03:16 / Observers) NADMaN: o shit
(03:16 / Observers) SYLINK: mata knows all the kotg names
(03:20 / Observers) NADMaN: no mana mcgee
(03:25 / Observers) NADMaN: bandalar
(03:30 / All) TIMG4STRok: broke on the fucking farm
(03:31 / All) TIMG4STRok: ugh
(03:39 / Observers) NADMaN: but dreadlord names are the best
(03:43 / Observers) NADMaN: no one gets him tough
(03:56 / Observers) SYLINK: i do in rt when i feel gay and make 24 ghouls
(04:08 / Observers) SYLINK: human is a strong race
(04:08 / Observers) BEAR_AND: oghma larodar califax golbhine dagda nuada
(04:13 / Observers) NADMaN: w/e will get purged
(04:15 / Observers) SYLINK: reminds me of terran
(04:17 / Observers) NADMaN: if he doesnt footman it first
(04:23 / Observers) BEAR_AND: centrius malorne
(04:29 / Observers) BEAR_AND: think that' sit
(04:55 / Observers) SYLINK: i hope i can turtle with terran in sc2
(04:55 / Observers) NADMaN: i sgu
(06:15 / Observers) NADMaN: food
(06:29 / Observers) NADMaN: arcanes goin up..
(06:51 / Observers) BEAR_AND: matas like "heheh....kill all the foot u like....gonna slow u in 1 min"
(06:53 / Observers) NADMaN: wreck
(06:54 / Observers) NADMaN: his tech
(07:04 / Observers) NADMaN: ya
(07:07 / Observers) NADMaN: gg pretty much
(07:09 / Observers) SYLINK: level 3 mbm is killing machine
(07:31 / Observers) NADMaN: now timg
(07:31 / Observers) BEAR_AND: not even gonna have 1 adept walker when mata pushes
(07:34 / Observers) NADMaN: needs to hero focus
(07:37 / Observers) NADMaN: the entire game
(07:43 / Observers) NADMaN: in order to win
(07:45 / Observers) SYLINK: am is weak shit
(07:50 / Observers) SYLINK: mk snap
(07:51 / Observers) NADMaN: yeah and hex/blade can rape
(07:52 / Observers) NADMaN: but still
(08:15 / Observers) NADMaN: oom
(08:39 / Observers) BEAR_AND: timg was clicking too fast w/ raider
(08:40 / Observers) SYLINK: dang
(08:48 / Observers) NADMaN: hex da am
(08:58 / Observers) SYLINK: tower almost up
(09:09 / Observers) NADMaN: link
(09:31 / Observers) SYLINK: militia
(09:32 / Observers) NADMaN: grunt
(09:33 / Observers) NADMaN: grunt
(09:36 / Observers) SYLINK: oh shit sh
(09:43 / Observers) SYLINK: nice
(09:47 / Observers) NADMaN: oucgh
(09:54 / Observers) SYLINK: dang
(09:56 / Observers) NADMaN: SLOWNED!!!
(09:57 / Observers) BEAR_AND: mata 800g 29food
(10:01 / Observers) SYLINK: pretty sweet counter
(10:12 / Observers) NADMaN: mata 20 wood
(11:12 / Observers) NADMaN: mata needs breaks
(11:14 / Observers) NADMaN: like 3 
(11:16 / Observers) NADMaN: then it gg
(11:24 / Observers) SYLINK: polymorph for lol
(11:24 / Observers) NADMaN: breakers mega-counter raiders
(11:32 / Observers) NADMaN: mata not going to hit t2
(11:34 / Observers) NADMaN: for a long time
(11:36 / Observers) NADMaN: with that wood
(12:07 / Observers) NADMaN: timg needs like
(12:10 / Observers) NADMaN: 4 or 5 wyvs
(12:13 / Observers) NADMaN: and lust
(12:15 / Observers) SYLINK: i was thinking this
(12:25 / Observers) SYLINK: tears
(12:25 / Observers) BEAR_AND: i became a lot better at solo when i confined my pathological fear of upkeep to tower games only
(12:27 / Observers) NADMaN: ww
(12:29 / Observers) SYLINK: he has ensnare now
(12:44 / Observers) BEAR_AND: wave da radier?
(12:58 / Observers) NADMaN: o shit
(13:01 / Observers) NADMaN: friggen sorc
(13:05 / Observers) BEAR_AND: don't think timg killed one thing
(13:05 / Observers) NADMaN: but mata really lost the fight
(13:07 / Observers) NADMaN: killed 1 unit
(13:14 / Observers) NADMaN: but spent tp..
(13:16 / Observers) NADMaN: but he has expo..
(13:17 / Observers) BEAR_AND: ye
(13:18 / Observers) NADMaN: iono
(13:22 / Observers) BEAR_AND: battle/war
(13:30 / Observers) SYLINK: mata could tower the map and win at this point i think
(13:32 / Observers) NADMaN: ya
(13:37 / Observers) BEAR_AND: just tower off the bridges
(13:40 / Observers) BEAR_AND: hold his lisle
(13:49 / Observers) NADMaN: towers right there
(13:51 / Observers) BEAR_AND: maybe annex the little isle
(13:51 / Observers) NADMaN: and the expo
(13:52 / Observers) NADMaN: would be gg
(13:59 / Observers) NADMaN: gg
(13:59 / Observers) SYLINK: this bad for tim
(14:02 / Observers) NADMaN: yes it is
(14:11 / Observers) NADMaN: with that gone he's pretty much completely out
(14:13 / Observers) NADMaN: and here are the breakers
(14:20 / Observers) SYLINK: how do breaker counter raider
(14:32 / Observers) NADMaN: tp
(14:39 / Observers) NADMaN: buce
(14:40 / Observers) NADMaN: nice
(14:41 / Observers) NADMaN: that cata
(14:42 / Observers) NADMaN: was ownage
(14:49 / Observers) SYLINK: needs burning oil
(14:51 / Observers) BEAR_AND: he got the gold for pots
(14:54 / Observers) NADMaN: needs healing wards
(15:06 / Observers) BEAR_AND: burning oil is far away
(15:19 / Observers) BEAR_AND: and wards vs breakers??
(15:24 / Observers) NADMaN: yeah i was silly
(15:36 / Observers) SYLINK: thunderbrew
(15:48 / Observers) BEAR_AND: bud thunderbrew
(15:51 / Observers) BEAR_AND: 8% beer
(16:02 / Observers) SYLINK: mata needs to spendmoney
(16:08 / Observers) SYLINK: dan
(16:09 / Observers) NADMaN: oh no...
(16:10 / Observers) BEAR_AND: its hard when you have an expo in no upk
(16:13 / Observers) NADMaN: potion...
(16:16 / Observers) NADMaN: gg
(16:20 / All) TIMG4STRok: nice potion hack through hex
(16:21 / All) TIMG4STRok: gg